Demolitions vs Mustangs
(R1)
Created - March 13, 2018 at 19:02
Goals
|
| Demolitions |
2 |
0 |
0 |
0 |
0 |
2 |
| Mustangs |
2 |
0 |
0 |
0 |
1 |
3 |
|
Shots
|
| Demolitions |
18 |
17 |
9 |
1 |
3 |
45 |
| Mustangs |
13 |
17 |
8 |
0 |
3 |
38 |
|
1st period
1. Demolitions , Jack Skille 18 (Dmitri Orlov 6, Ryan Bayda 39) at 0:39
2. Mustangs , Riley Sheahan 30 (Derek Joslin 31, Marcus Foligno 44) at 10:20
3. Demolitions , Danny DeKeiser 8 (Corban Knight 26, Jonathan Blum 21) at 12:19 (PP)
4. Mustangs , Josh Jooris 46 (Derek Joslin 32, Riley Sheahan 53) at 16:18 (PP)
Penalties :
Frazer Mclaren (Vic) for Slashing (Minor) at 5:16, Cameron Gaunce (Ham) for Roughing (Minor) at 10:29, Mike Sauer (Vic) for Butt-ending (Major / Game Misconduct) at 16:07
2nd period
No Goal
Penalties :
No Penalty
3rd period
No Goal
Penalties :
No Penalty
Overtime #1
No Goal
Penalties :
No Penalty
Shootout
Penalty Shot by Ryan Bayda for Demolitions - Shot Misses the Net
Penalty Shot by Andreas Athanasiou for Mustangs - Stopped by Olivier Roy
Penalty Shot by Bobby Butler for Demolitions - Stopped by Peter Mannino
Penalty Shot by Mika Zibanejad for Mustangs - Stopped by Olivier Roy
Penalty Shot by Erik Condra for Demolitions - Stopped by Peter Mannino
Penalty Shot by Andrew Shaw for Mustangs - Goal!
Penalties :
No Penalty
Goalie Stats
Olivier Roy (Vic), 36 saves from 38 shots - (0.947), OTL, 12-16-4, 65:00 minutes
Peter Mannino (Ham), 43 saves from 45 shots - (0.956), W, 23-17-4, 65:00 minutes
Players Stats for Demolitions
Player Name G A P +/- PIM S H SB GA TA FO MP PP MP PK MP
------------------------------------------------------------------------------------
Aaron Palushaj 0 0 0 0 0 2 0 0 0 0 0/0 10:21 0:00 0:00
Andrej Nestrasil 0 0 0 0 0 1 0 0 0 0 0/2 6:16 0:00 0:00
Billy Sweat 0 0 0 0 0 0 0 0 0 0 0/0 1:57 0:23 0:00
Bobby Butler 0 0 0 0 0 7 4 0 0 0 2/5 26:08 1:27 3:30
Brandon McMillan 0 0 0 0 0 0 1 0 0 0 4/5 10:21 0:00 0:00
Corban Knight 0 1 1 0 0 4 4 0 0 0 9/14 19:14 1:04 1:21
Danny DeKeiser 1 0 1 0 0 6 1 6 0 2 0/0 34:24 1:50 3:56
Derek Forbort 0 0 0 0 0 0 0 1 0 0 0/0 0:42 0:00 0:00
Dmitri Orlov 0 1 1 0 0 3 0 0 2 1 0/0 25:43 0:13 1:45
Erik Condra 0 0 0 0 0 5 3 0 4 0 1/1 23:31 0:46 2:06
Frazer Mclaren 0 0 0 0 2 0 1 1 0 0 0/0 10:23 0:00 0:00
Jack Skille 1 0 1 0 0 4 2 0 0 0 2/2 19:55 1:04 2:06
Jonathan Blum 0 1 1 0 0 1 1 2 3 2 0/0 32:50 1:37 2:24
Josh Beaulieu 0 0 0 0 0 0 0 0 0 0 0/0 3:06 0:00 1:15
Mike Sauer 0 0 0 0 15 0 1 0 0 0 0/0 5:05 0:00 1:33
Mikko Lehtonen 0 0 0 0 0 1 1 1 1 0 0/0 6:20 0:00 0:00
Nicolas Blanchard 0 0 0 0 0 5 4 0 0 0 22/39 19:57 0:46 0:00
Ryan Bayda 0 1 1 0 0 6 2 0 2 1 6/9 20:35 0:00 3:41
Ryan Russell 0 0 0 0 0 0 1 0 0 1 0/0 6:36 0:00 0:07
Seth Helgeson 0 0 0 0 0 0 4 0 1 1 0/0 22:05 0:00 2:57
Taylor Aronson 0 0 0 0 0 0 0 0 0 0 0/0 6:40 0:00 1:00
Thomas DiPauli 0 0 0 0 0 0 0 0 0 0 0/0 0:51 0:00 0:11
Players Stats for Mustangs
Player Name G A P +/- PIM S H SB GA TA FO MP PP MP PK MP
------------------------------------------------------------------------------------
Alexei Marchenko 0 0 0 0 0 1 0 1 1 0 0/0 13:45 0:00 0:00
Andreas Athanasiou 0 0 0 0 0 0 0 0 0 0 3/5 9:35 0:53 0:00
Andrew Shaw 0 0 0 0 0 0 0 1 1 0 0/0 17:45 2:29 0:00
Brady Skjei 0 0 0 0 0 5 1 3 0 0 0/0 29:04 4:00 1:10
Cameron Gaunce 0 0 0 0 2 3 1 3 0 3 0/0 21:12 2:40 0:00
Curtis Hamilton 0 0 0 0 0 1 0 0 0 0 0/0 8:07 0:00 0:00
Derek Joslin 0 2 2 0 0 2 1 0 0 1 0/0 29:11 3:52 1:25
Francis Paré 0 0 0 0 0 0 0 0 0 0 0/0 8:07 0:00 0:00
Jerome Samson 0 0 0 -1 0 3 2 0 0 1 0/0 11:04 0:58 0:00
Jim O'Brien 0 0 0 -1 0 2 1 1 0 0 4/8 12:18 0:00 0:35
Josh Jooris 1 0 1 1 0 3 1 1 1 0 0/4 21:14 3:31 0:00
Joshua Leivo 0 0 0 -1 0 1 0 0 0 0 0/0 12:14 0:52 0:00
Marcus Foligno 0 1 1 1 0 3 2 0 0 4 3/3 24:17 3:31 1:15
Mark Pysyk 0 0 0 0 0 1 0 1 2 0 0/0 21:53 2:40 0:40
Mika Zibanejad 0 0 0 0 0 3 0 1 1 3 1/12 19:15 2:31 0:00
Riley Sheahan 1 1 2 1 0 6 0 1 2 0 20/45 24:30 3:34 1:15
Scott Mayfield 0 0 0 0 0 0 3 0 0 0 0/0 14:54 0:44 0:25
Tomas Tatar 0 0 0 0 0 4 0 0 0 1 0/0 19:44 2:35 0:35
3 Stars
1 - Peter Mannino (Ham)
2 - Riley Sheahan (Ham)
3 - Olivier Roy (Vic)
Power Play
Demolitions - 1 on 1 Attempt(s) - 100.00%
Mustangs - 1 on 3 Attempt(s) - 33.33%
Penalty Kill
Demolitions - 2 on 3 Attempt(s) - 66.67%
- Score 0 goal in Penalty Kill
Mustangs - 0 on 1 Attempt(s) - 0.00%
- Score 0 goal in Penalty Kill
Team Stat
Demolitions - Hits : 30 - Faceoff Wins : 46 - Blocked Shots : 11 - Penalty Minutes : 17
Mustangs - Hits : 12 - Faceoff Wins : 31 - Blocked Shots : 13 - Penalty Minutes : 2
Official
Referees : L'Ecuyer Frederick and Sutherland Kelly
Linesman : Brad Lazarowich and Shane Heyer
Game Notes
Derek Forbort is injured at 1:21 of 1st period (Strained Right Elbow)
Mike Sauer ejected from game at 16:07 of 1st period
Finance
Level 1 -- Attendance: 1428 (71.40%) -- Ticket Income $57,120
Level 2 -- Attendance: 675 (67.50%) -- Ticket Income $13,500
Total Attendance: 2103 (70.10%)
Total Ticket Income: $70,620
Other Income: $3,531
Total Income: $74,151
Demolitions
5 vs 5 Forward
Center Left Wing Right Wing Time % Phy DF OF
1 Nicolas Blanchard Bobby Butler Erik Condra 60 0 0 5
2 Corban Knight Ryan Bayda Jack Skille 24 0 0 5
3 Brandon McMillan Frazer Mclaren Aaron Palushaj 12 0 0 5
4 Andrej Nestrasil Ryan Russell Mikko Lehtonen 4 0 0 5
5 vs 5 Defense
Defense Defense Time % Phy DF OF
1 Jonathan Blum Danny DeKeiser 58 0 0 5
2 Dmitri Orlov Mike Sauer 25 0 0 5
3 Seth Helgeson Derek Forbort 12 0 0 5
4 Danny DeKeiser Dmitri Orlov 5 0 0 5
PowerPlay Forward
Center Left Wing Right Wing Time % Phy DF OF
1 Nicolas Blanchard Bobby Butler Erik Condra 70 0 0 5
2 Corban Knight Bobby Butler Jack Skille 30 0 0 5
PowerPlay Defense
Defense Defense Time % Phy DF OF
1 Danny DeKeiser Jonathan Blum 70 0 0 5
2 Danny DeKeiser Dmitri Orlov 30 0 0 5
Penalty Kill 4 Players Forward
Center Wing Time % Phy DF OF
1 Ryan Bayda Bobby Butler 60 1 2 2
2 Erik Condra Jack Skille 40 1 2 2
Penalty Kill 4 Players Defense
Defense Defense Time % Phy DF OF
1 Mike Sauer Danny DeKeiser 60 1 2 2
2 Mike Sauer Seth Helgeson 40 1 2 2
Penalty Kill - 3 Players Forward
Forward Time % Phy DF OF
1 Ryan Bayda 60 1 2 2
2 Bobby Butler 40 1 2 2
Penalty Kill - 3 Players Defense
Defense Defense Time % Phy DF OF
1 Mike Sauer Danny DeKeiser 60 1 2 2
2 Seth Helgeson Mike Sauer 40 1 2 2
4 vs 4 Forward
Center Wing Time % Phy DF OF
1 Ryan Bayda Bobby Butler 60 1 2 2
2 Erik Condra Jack Skille 40 1 2 2
4 vs 4 Defense
Defense Defense Time % Phy DF OF
1 Mike Sauer Danny DeKeiser 60 1 2 2
2 Mike Sauer Jonathan Blum 40 1 2 2
Last Minutes Offensive
Center Left Wing Right Wing Defense Defense
Nicolas Blanchard Ryan Bayda Erik Condra Jonathan Blum Danny DeKeiser
Last Minutes Defensive
Center Left Wing Right Wing Defense Defense
Nicolas Blanchard Ryan Bayda Erik Condra Mike Sauer Danny DeKeiser
Goaltenders
Starting : Olivier Roy
Backup : Joe Cannata
Extra Forwards
Normal : Billy Sweat, Josh Beaulieu, Bobby Butler - PP : Billy Sweat, Josh Beaulieu - PK : Bobby Butler
Extra Defensemen
Normal : Dmitri Orlov, Jonathan Blum, Danny DeKeiser - PP : Dmitri Orlov - PK : Danny DeKeiser, Seth Helgeson
Penalty Shots
Ryan Bayda, Bobby Butler, Erik Condra, Jack Skille, Mikko Lehtonen
Scratches
Alex Hutchings (Healthy), Ryan Olsen (Healthy), Robert Bortuzzo (Right Forearm Injury), Taylor Leier (Healthy), Mitchell Moroz (Healthy)
Colton Sceviour (Healthy), Cameron Schilling (Bruised Left Leg Injury), Jake Paterson (Healthy), Jussi Rynnas (Healthy)
Mustangs
5 vs 5 Forward
Center Left Wing Right Wing Time % Phy DF OF
1 Riley Sheahan Marcus Foligno Josh Jooris 40 1 2 2
2 Mika Zibanejad Tomas Tatar Andrew Shaw 30 1 2 2
3 Jim O'Brien Joshua Leivo Jerome Samson 20 1 2 2
4 Andreas Athanasiou Curtis Hamilton Francis Paré 10 1 2 2
5 vs 5 Defense
Defense Defense Time % Phy DF OF
1 Derek Joslin Brady Skjei 44 1 2 2
2 Cameron Gaunce Mark Pysyk 33 1 2 2
3 Alexei Marchenko Scott Mayfield 23 1 2 2
4 Derek Joslin Brady Skjei 0 1 2 2
PowerPlay Forward
Center Left Wing Right Wing Time % Phy DF OF
1 Riley Sheahan Marcus Foligno Josh Jooris 60 1 2 2
2 Mika Zibanejad Tomas Tatar Andrew Shaw 40 1 2 2
PowerPlay Defense
Defense Defense Time % Phy DF OF
1 Derek Joslin Brady Skjei 60 1 2 2
2 Cameron Gaunce Mark Pysyk 40 1 2 2
Penalty Kill 4 Players Forward
Center Wing Time % Phy DF OF
1 Riley Sheahan Marcus Foligno 60 1 2 2
2 Jim O'Brien Tomas Tatar 40 1 2 2
Penalty Kill 4 Players Defense
Defense Defense Time % Phy DF OF
1 Derek Joslin Brady Skjei 60 1 2 2
2 Cameron Gaunce Mark Pysyk 40 1 2 2
Penalty Kill - 3 Players Forward
Forward Time % Phy DF OF
1 Riley Sheahan 60 1 2 2
2 Jim O'Brien 40 1 2 2
Penalty Kill - 3 Players Defense
Defense Defense Time % Phy DF OF
1 Derek Joslin Brady Skjei 60 1 2 2
2 Cameron Gaunce Mark Pysyk 40 1 2 2
4 vs 4 Forward
Center Wing Time % Phy DF OF
1 Riley Sheahan Marcus Foligno 60 1 2 2
2 Mika Zibanejad Tomas Tatar 40 1 2 2
4 vs 4 Defense
Defense Defense Time % Phy DF OF
1 Derek Joslin Brady Skjei 60 1 2 2
2 Cameron Gaunce Mark Pysyk 40 1 2 2
Last Minutes Offensive
Center Left Wing Right Wing Defense Defense
Riley Sheahan Marcus Foligno Josh Jooris Derek Joslin Brady Skjei
Last Minutes Defensive
Center Left Wing Right Wing Defense Defense
Riley Sheahan Marcus Foligno Josh Jooris Derek Joslin Brady Skjei
Goaltenders
Starting : Peter Mannino
Backup : Chet Pickard
Extra Forwards
Normal : Riley Sheahan, Mika Zibanejad, Jim O'Brien - PP : Mika Zibanejad, Riley Sheahan - PK : Marcus Foligno
Extra Defensemen
Normal : Brady Skjei, Mark Pysyk, Cameron Gaunce - PP : Brady Skjei - PK : Derek Joslin, Cameron Gaunce
Penalty Shots
Andreas Athanasiou, Mika Zibanejad, Andrew Shaw, Marcus Foligno, Josh Jooris
Scratches
Roman Horak (Healthy), Dominik Uher (Healthy), Joe Finley (Healthy), Eric Knodel (Healthy), Matthew Finn (Healthy)
Danny Biega (Healthy), Raphael Bussieres (Healthy), Sam Kurker (Healthy), Max Gortz (Healthy), Rick Schofield (Healthy)
Denis Bodrov (Healthy), Riley Nash (Healthy), Justin Peters (Healthy), Joacim Eriksson (Healthy)
% Time on Ice - Demolitions
Lines # - Real PCT - Wanted PCT - Time Play
Normal Forward
1 - 38% - 60% - 19:39
2 - 29% - 24% - 14:56
3 - 20% - 12% - 10:21
4 - 12% - 4% - 6:16
Normal Defense
1 - 34% - 58% - 17:24
2 - 37% - 25% - 18:50
3 - 28% - 12% - 14:23
4 - 1% - 5% - 0:35
PP Forward
1 - 42% - 70% - 0:46
2 - 58% - 30% - 1:04
PP Defense
1 - 88% - 70% - 1:37
2 - 12% - 30% - 0:13
PK Forward
1 - 70% - 60% - 4:52
2 - 30% - 40% - 2:06
PK Defense
1 - 84% - 60% - 5:50
2 - 16% - 40% - 1:08
PK3 Forward
1 - 0% - 60%
2 - 0% - 40%
PK3 Defense
1 - 0% - 60%
2 - 0% - 40%
44 Forward
1 - 72% - 60% - 3:36
2 - 28% - 40% - 1:24
44 Defense
1 - 65% - 60% - 3:15
2 - 35% - 40% - 1:45
Last Minute Offensive - 0:00
Last Minute Defensive - 0:00
Total
Forward - 65:00
Defense - 65:00
|
% Time on Ice - Mustangs
Lines # - Real PCT - Wanted PCT - Time Play
Normal Forward
1 - 35% - 40% - 18:05
2 - 29% - 30% - 14:54
3 - 20% - 20% - 10:06
4 - 16% - 10% - 8:07
Normal Defense
1 - 42% - 44% - 21:27
2 - 33% - 33% - 16:46
3 - 25% - 23% - 12:59
4 - 0% - 0% - 0:00
PP Forward
1 - 61% - 60% - 4:14
2 - 39% - 40% - 2:44
PP Defense
1 - 62% - 60% - 4:18
2 - 38% - 40% - 2:40
PK Forward
1 - 68% - 60% - 1:15
2 - 32% - 40% - 0:35
PK Defense
1 - 64% - 60% - 1:10
2 - 36% - 40% - 0:40
PK3 Forward
1 - 0% - 60%
2 - 0% - 40%
PK3 Defense
1 - 0% - 60%
2 - 0% - 40%
44 Forward
1 - 93% - 60% - 4:39
2 - 7% - 40% - 0:21
44 Defense
1 - 64% - 60% - 3:13
2 - 36% - 40% - 1:47
Last Minute Offensive - 0:00
Last Minute Defensive - 0:00
Total
Forward - 65:00
Defense - 65:00
|
Play by Play
1st period
0:01 of 1st period - Nicolas Blanchard wins face-off versus Riley Sheahan in neutral zone.
0:35 of 1st period - Slapshot by Ryan Bayda.
0:35 of 1st period - Shot Misses the Net.
0:39 of 1st period - Slapshot by Jack Skille.
0:39 of 1st period - Goal by Jack Skille - Demolitions : 1 - Mustangs : 0.
0:40 of 1st period - Brandon McMillan wins face-off versus Mika Zibanejad in neutral zone.
0:47 of 1st period - Slapshot by Aaron Palushaj.
0:47 of 1st period - Deflect By Brandon McMillan.
0:47 of 1st period - Shot Misses the Net.
0:47 of 1st period - Puck is out of play.
0:48 of 1st period - Brandon McMillan wins face-off versus Mika Zibanejad in Mustangs zone.
1:21 of 1st period - Wrist shot by Marcus Foligno.
1:21 of 1st period - Shot Blocked by Derek Forbort.
1:21 of 1st period - Derek Forbort from Demolitions is injured at 1:21 of 1st period (Strained Right Elbow).
1:22 of 1st period - Nicolas Blanchard wins face-off versus Andreas Athanasiou in Demolitions zone.
1:32 of 1st period - Wrist shot by Bobby Butler.
1:32 of 1st period - Stopped by Peter Mannino without a rebound.
1:33 of 1st period - Nicolas Blanchard wins face-off versus Riley Sheahan in Mustangs zone.
1:36 of 1st period - Snap shot by Bobby Butler.
1:36 of 1st period - Deflect By Erik Condra.
1:36 of 1st period - Stopped by Peter Mannino with a rebound.
1:38 of 1st period - Slapshot by Danny DeKeiser.
1:38 of 1st period - Shot Misses the Net.
1:40 of 1st period - Wrist shot by Bobby Butler.
1:40 of 1st period - Shot Misses the Net.
1:42 of 1st period - Slapshot by Nicolas Blanchard.
1:42 of 1st period - Shot Blocked by Josh Jooris.
1:44 of 1st period - Slapshot by Danny DeKeiser.
1:44 of 1st period - Stopped by Peter Mannino without a rebound.
1:45 of 1st period - Corban Knight wins face-off versus Jim O'Brien in Mustangs zone.
1:54 of 1st period - Snap shot by Corban Knight.
1:54 of 1st period - Shot Blocked by Brady Skjei.
1:56 of 1st period - Slapshot by Jack Skille.
1:56 of 1st period - Stopped by Peter Mannino without a rebound.
1:57 of 1st period - Nicolas Blanchard wins face-off versus Mika Zibanejad in Mustangs zone.
2:10 of 1st period - Snap shot by Bobby Butler.
2:10 of 1st period - Deflect By Erik Condra.
2:10 of 1st period - Stopped by Peter Mannino without a rebound.
2:11 of 1st period - Riley Sheahan wins face-off versus Andrej Nestrasil in Mustangs zone.
2:45 of 1st period - Slapshot by Cameron Gaunce.
2:45 of 1st period - Stopped by Olivier Roy with a rebound.
2:51 of 1st period - Francis Paré is hit by Nicolas Blanchard and loses puck.
3:09 of 1st period - Wrist shot by Ryan Bayda.
3:09 of 1st period - Shot Misses the Net.
3:11 of 1st period - Snap shot by Corban Knight.
3:11 of 1st period - Deflect By Ryan Bayda.
3:11 of 1st period - Shot Blocked by Cameron Gaunce.
3:11 of 1st period - Puck is out of play.
3:12 of 1st period - Riley Sheahan wins face-off versus Brandon McMillan in Mustangs zone.
3:27 of 1st period - Snap shot by Riley Sheahan.
3:27 of 1st period - Stopped by Olivier Roy without a rebound.
3:28 of 1st period - Jim O'Brien wins face-off versus Nicolas Blanchard in Demolitions zone.
3:53 of 1st period - Snap shot by Mika Zibanejad.
3:53 of 1st period - Stopped by Olivier Roy with a rebound.
3:55 of 1st period - Slapshot by Cameron Gaunce.
3:55 of 1st period - Deflect By Jonathan Blum.
3:55 of 1st period - Stopped by Olivier Roy without a rebound.
3:56 of 1st period - Mika Zibanejad wins face-off versus Corban Knight in Demolitions zone.
4:01 of 1st period - Wrist shot by Mika Zibanejad.
4:01 of 1st period - Shot Misses the Net.
4:29 of 1st period - Snap shot by Mika Zibanejad.
4:29 of 1st period - Stopped by Olivier Roy without a rebound.
4:30 of 1st period - Bobby Butler wins face-off versus Riley Sheahan in Demolitions zone.
4:37 of 1st period - Slapshot by Bobby Butler.
4:37 of 1st period - Stopped by Peter Mannino without a rebound.
4:38 of 1st period - Riley Sheahan wins face-off versus Nicolas Blanchard in Mustangs zone.
4:38 of 1st period - Riley Sheahan is hit by Jonathan Blum.
5:00 of 1st period - Wrist shot by Bobby Butler.
5:00 of 1st period - Shot Misses the Net.
5:02 of 1st period - Slapshot by Danny DeKeiser.
5:02 of 1st period - Shot Blocked by Brady Skjei.
5:06 of 1st period - Wrist shot by Bobby Butler.
5:06 of 1st period - Stopped by Peter Mannino with a rebound.
5:13 of 1st period - Off-side.
5:14 of 1st period - Brandon McMillan wins face-off versus Jim O'Brien in neutral zone.
5:16 of 1st period - Minor Penalty to Frazer Mclaren for Slashing.
5:17 of 1st period - Riley Sheahan wins face-off versus Ryan Bayda in Demolitions zone.
5:19 of 1st period - Snap shot by Marcus Foligno.
5:19 of 1st period - Shot Blocked by Danny DeKeiser.
5:23 of 1st period - Wrist shot by Riley Sheahan.
5:23 of 1st period - Stopped by Olivier Roy without a rebound.
5:24 of 1st period - Ryan Bayda wins face-off versus Riley Sheahan in Demolitions zone.
5:39 of 1st period - Snap shot by Josh Jooris.
5:39 of 1st period - Deflect By Riley Sheahan.
5:39 of 1st period - Stopped by Olivier Roy without a rebound.
5:40 of 1st period - Ryan Bayda wins face-off versus Mika Zibanejad in Demolitions zone.
7:16 of 1st period - Penalty to Frazer Mclaren is over, Frazer Mclaren is back on ice.
8:00 of 1st period - Alexei Marchenko is hit by Nicolas Blanchard and loses puck.
8:07 of 1st period - Wrist shot by Bobby Butler.
8:07 of 1st period - Stopped by Peter Mannino with a rebound.
8:37 of 1st period - Snap shot by Corban Knight.
8:37 of 1st period - Stopped by Peter Mannino without a rebound.
8:38 of 1st period - Andreas Athanasiou wins face-off versus Corban Knight in Mustangs zone.
8:46 of 1st period - Icing by Danny DeKeiser.
8:47 of 1st period - Jack Skille wins face-off versus Josh Jooris in Demolitions zone.
8:54 of 1st period - Slapshot by Ryan Bayda.
8:54 of 1st period - Deflect By Derek Joslin.
8:54 of 1st period - Stopped by Peter Mannino with a rebound.
8:56 of 1st period - Slapshot by Corban Knight.
8:56 of 1st period - Stopped by Peter Mannino without a rebound.
8:57 of 1st period - Nicolas Blanchard wins face-off versus Riley Sheahan in Mustangs zone.
9:06 of 1st period - Slapshot by Josh Jooris.
9:06 of 1st period - Shot Misses the Net.
9:08 of 1st period - Backhand shot by Derek Joslin.
9:08 of 1st period - Shot Blocked by Jonathan Blum.
9:10 of 1st period - Wrist shot by Riley Sheahan.
9:10 of 1st period - Shot Misses the Net.
9:12 of 1st period - Slapshot by Derek Joslin.
9:12 of 1st period - Shot Misses the Net.
9:14 of 1st period - Slapshot by Marcus Foligno.
9:14 of 1st period - Stopped by Olivier Roy with a rebound.
9:18 of 1st period - Wrist shot by Marcus Foligno.
9:18 of 1st period - Shot Blocked by Jonathan Blum.
9:20 of 1st period - Slapshot by Brady Skjei.
9:20 of 1st period - Stopped by Olivier Roy without a rebound.
9:21 of 1st period - Corban Knight wins face-off versus Mika Zibanejad in Demolitions zone.
9:26 of 1st period - Wrist shot by Corban Knight.
9:26 of 1st period - Shot Misses the Net.
9:29 of 1st period - Icing by Mark Pysyk.
9:30 of 1st period - Corban Knight wins face-off versus Mika Zibanejad in Mustangs zone.
9:31 of 1st period - Snap shot by Ryan Bayda.
9:31 of 1st period - Stopped by Peter Mannino without a rebound.
9:32 of 1st period - Nicolas Blanchard wins face-off versus Riley Sheahan in Mustangs zone.
9:33 of 1st period - Snap shot by Bobby Butler.
9:33 of 1st period - Stopped by Peter Mannino with a rebound.
9:35 of 1st period - Slapshot by Danny DeKeiser.
9:35 of 1st period - Shot Hit the Post.
9:37 of 1st period - Slapshot by Nicolas Blanchard.
9:37 of 1st period - Stopped by Peter Mannino without a rebound.
9:38 of 1st period - Nicolas Blanchard wins face-off versus Riley Sheahan in Mustangs zone.
10:00 of 1st period - Icing by Brady Skjei.
10:01 of 1st period - Corban Knight wins face-off versus Riley Sheahan in Mustangs zone.
10:14 of 1st period - Wrist shot by Marcus Foligno.
10:14 of 1st period - Shot Misses the Net.
10:18 of 1st period - Wrist shot by Riley Sheahan.
10:18 of 1st period - Stopped by Olivier Roy with a rebound.
10:20 of 1st period - Snap shot by Riley Sheahan.
10:20 of 1st period - Goal by Riley Sheahan - Demolitions : 1 - Mustangs : 1.
10:21 of 1st period - Nicolas Blanchard wins face-off versus Mika Zibanejad in neutral zone.
10:29 of 1st period - Minor Penalty to Cameron Gaunce for Roughing.
10:30 of 1st period - Riley Sheahan wins face-off versus Nicolas Blanchard in Mustangs zone.
11:18 of 1st period - Backhand shot by Tomas Tatar.
11:18 of 1st period - Stopped by Olivier Roy without a rebound.
11:19 of 1st period - Nicolas Blanchard wins face-off versus Riley Sheahan in Demolitions zone.
11:58 of 1st period - Icing by Danny DeKeiser.
11:59 of 1st period - Jim O'Brien wins face-off versus Corban Knight in Demolitions zone.
12:05 of 1st period - Icing by Danny DeKeiser.
12:06 of 1st period - Riley Sheahan wins face-off versus Bobby Butler in Demolitions zone.
12:17 of 1st period - Slapshot by Corban Knight.
12:17 of 1st period - Stopped by Peter Mannino with a rebound.
12:19 of 1st period - Snap shot by Danny DeKeiser.
12:19 of 1st period - Goal by Danny DeKeiser - Demolitions : 2 - Mustangs : 1.
12:20 of 1st period - Erik Condra wins face-off versus Riley Sheahan in neutral zone.
13:14 of 1st period - Snap shot by Jack Skille.
13:14 of 1st period - Stopped by Peter Mannino without a rebound.
13:15 of 1st period - Nicolas Blanchard wins face-off versus Riley Sheahan in Mustangs zone.
13:36 of 1st period - Danny DeKeiser is hit by Brady Skjei and loses puck.
14:42 of 1st period - Dmitri Orlov is hit by Scott Mayfield.
14:54 of 1st period - Scott Mayfield is hit by Ryan Bayda and loses puck.
15:15 of 1st period - Scott Mayfield is hit by Mike Sauer and loses puck.
15:45 of 1st period - Mark Pysyk is hit by Brandon McMillan and loses puck.
16:07 of 1st period - Major / Game Misconduct Penalty to Mike Sauer for Butt-ending.
16:07 of 1st period - Mike Sauer is ejected from game.
16:08 of 1st period - Ryan Bayda wins face-off versus Josh Jooris in Demolitions zone.
16:14 of 1st period - Wrist shot by Riley Sheahan.
16:14 of 1st period - Shot Blocked by Danny DeKeiser.
16:16 of 1st period - Snap shot by Josh Jooris.
16:16 of 1st period - Shot Misses the Net.
16:18 of 1st period - Snap shot by Derek Joslin.
16:18 of 1st period - Deflect By Josh Jooris.
16:18 of 1st period - Goal by Josh Jooris - Demolitions : 2 - Mustangs : 2.
16:19 of 1st period - Ryan Bayda wins face-off versus Riley Sheahan in neutral zone.
17:01 of 1st period - Tomas Tatar is hit by Seth Helgeson.
18:16 of 1st period - Jerome Samson is hit by Jack Skille and loses puck.
19:15 of 1st period - Ryan Bayda is hit by Jerome Samson and loses puck.
Goals for this period are 2 for Demolitions vs 2 for Mustangs.
Shots for this period are 18 for Demolitions vs 13 for Mustangs.
2nd period
0:01 of 2nd period - Marcus Foligno wins face-off versus Ryan Bayda in neutral zone.
0:36 of 2nd period - Snap shot by Tomas Tatar.
0:36 of 2nd period - Shot Blocked by Danny DeKeiser.
1:07 of 2nd period - Penalty to Mike Sauer is over, Mikko Lehtonen is send on ice.
1:38 of 2nd period - Wrist shot by Francis Paré.
1:38 of 2nd period - Shot Blocked by Frazer Mclaren.
1:40 of 2nd period - Wrist shot by Alexei Marchenko.
1:40 of 2nd period - Stopped by Olivier Roy with a rebound.
1:42 of 2nd period - Wrist shot by Andreas Athanasiou.
1:42 of 2nd period - Shot Misses the Net.
1:58 of 2nd period - Snap shot by Dmitri Orlov.
1:58 of 2nd period - Stopped by Peter Mannino with a rebound.
2:00 of 2nd period - Slapshot by Dmitri Orlov.
2:00 of 2nd period - Deflect By Nicolas Blanchard.
2:00 of 2nd period - Stopped by Peter Mannino without a rebound.
2:01 of 2nd period - Marcus Foligno wins face-off versus Nicolas Blanchard in Mustangs zone.
2:16 of 2nd period - Wrist shot by Josh Jooris.
2:16 of 2nd period - Shot Misses the Net.
2:26 of 2nd period - Tomas Tatar is hit by Corban Knight and loses puck.
2:51 of 2nd period - Slapshot by Derek Joslin.
2:51 of 2nd period - Shot Blocked by Mikko Lehtonen.
2:53 of 2nd period - Slapshot by Brady Skjei.
2:53 of 2nd period - Shot Blocked by Danny DeKeiser.
2:55 of 2nd period - Slapshot by Brady Skjei.
2:55 of 2nd period - Deflect By Joshua Leivo.
2:55 of 2nd period - Shot Misses the Net.
2:55 of 2nd period - Puck is out of play.
2:56 of 2nd period - Bobby Butler wins face-off versus Riley Sheahan in Demolitions zone.
3:01 of 2nd period - Riley Sheahan is hit by Erik Condra and loses puck.
3:34 of 2nd period - Mika Zibanejad is hit by Corban Knight and loses puck.
4:09 of 2nd period - Off-side.
4:10 of 2nd period - Andreas Athanasiou wins face-off versus Bobby Butler in neutral zone.
4:19 of 2nd period - Brady Skjei is hit by Bobby Butler and loses puck.
4:36 of 2nd period - Dmitri Orlov is hit by Josh Jooris and loses puck.
5:10 of 2nd period - Wrist shot by Mika Zibanejad.
5:10 of 2nd period - Stopped by Olivier Roy without a rebound.
5:11 of 2nd period - Jim O'Brien wins face-off versus Nicolas Blanchard in Demolitions zone.
5:18 of 2nd period - Snap shot by Jerome Samson.
5:18 of 2nd period - Stopped by Olivier Roy without a rebound.
5:19 of 2nd period - Jim O'Brien wins face-off versus Nicolas Blanchard in Demolitions zone.
5:28 of 2nd period - Wrist shot by Jim O'Brien.
5:28 of 2nd period - Stopped by Olivier Roy with a rebound.
5:30 of 2nd period - Slapshot by Mark Pysyk.
5:30 of 2nd period - Shot Misses the Net.
5:32 of 2nd period - Wrist shot by Joshua Leivo.
5:32 of 2nd period - Stopped by Olivier Roy with a rebound.
5:34 of 2nd period - Backhand shot by Mark Pysyk.
5:34 of 2nd period - Stopped by Olivier Roy with a rebound.
5:56 of 2nd period - Wrist shot by Bobby Butler.
5:56 of 2nd period - Stopped by Peter Mannino without a rebound.
5:57 of 2nd period - Corban Knight wins face-off versus Josh Jooris in Mustangs zone.
6:15 of 2nd period - Marcus Foligno is hit by Ryan Bayda.
6:33 of 2nd period - Snap shot by Jonathan Blum.
6:33 of 2nd period - Shot Misses the Net.
6:35 of 2nd period - Wrist shot by Jack Skille.
6:35 of 2nd period - Shot Blocked by Jim O'Brien.
6:37 of 2nd period - Slapshot by Dmitri Orlov.
6:37 of 2nd period - Shot Misses the Net.
6:39 of 2nd period - Backhand shot by Dmitri Orlov.
6:39 of 2nd period - Shot Blocked by Brady Skjei.
6:41 of 2nd period - Slapshot by Jonathan Blum.
6:41 of 2nd period - Deflect By Ryan Bayda.
6:41 of 2nd period - Shot Misses the Net.
6:41 of 2nd period - Puck is out of play.
6:42 of 2nd period - Riley Sheahan wins face-off versus Nicolas Blanchard in Mustangs zone.
6:42 of 2nd period - Riley Sheahan is hit by Nicolas Blanchard.
7:21 of 2nd period - Dmitri Orlov is hit by Scott Mayfield and loses puck.
7:40 of 2nd period - Off-side.
7:41 of 2nd period - Nicolas Blanchard wins face-off versus Riley Sheahan in neutral zone.
7:48 of 2nd period - Wrist shot by Nicolas Blanchard.
7:48 of 2nd period - Stopped by Peter Mannino without a rebound.
7:49 of 2nd period - Riley Sheahan wins face-off versus Nicolas Blanchard in Mustangs zone.
8:02 of 2nd period - Wrist shot by Erik Condra.
8:02 of 2nd period - Deflect By Brady Skjei.
8:02 of 2nd period - Stopped by Peter Mannino without a rebound.
8:03 of 2nd period - Riley Sheahan wins face-off versus Nicolas Blanchard in Mustangs zone.
8:16 of 2nd period - Slapshot by Erik Condra.
8:16 of 2nd period - Shot Misses the Net.
8:28 of 2nd period - Brady Skjei is hit by Jack Skille and loses puck.
8:51 of 2nd period - Slapshot by Cameron Gaunce.
8:51 of 2nd period - Stopped by Olivier Roy with a rebound.
9:07 of 2nd period - Alexei Marchenko is hit by Bobby Butler and loses puck.
9:16 of 2nd period - Snap shot by Nicolas Blanchard.
9:16 of 2nd period - Stopped by Peter Mannino with a rebound.
9:52 of 2nd period - Brady Skjei is hit by Seth Helgeson and loses puck.
10:57 of 2nd period - Slapshot by Brady Skjei.
10:57 of 2nd period - Shot Misses the Net.
11:15 of 2nd period - Snap shot by Erik Condra.
11:15 of 2nd period - Stopped by Peter Mannino without a rebound.
11:16 of 2nd period - Nicolas Blanchard wins face-off versus Riley Sheahan in Mustangs zone.
11:19 of 2nd period - Slapshot by Nicolas Blanchard.
11:19 of 2nd period - Deflect By Bobby Butler.
11:19 of 2nd period - Shot Blocked by Riley Sheahan.
11:19 of 2nd period - Puck is out of play.
11:20 of 2nd period - Riley Sheahan wins face-off versus Nicolas Blanchard in Mustangs zone.
11:31 of 2nd period - Wrist shot by Jonathan Blum.
11:31 of 2nd period - Stopped by Peter Mannino with a rebound.
11:53 of 2nd period - Wrist shot by Mika Zibanejad.
11:53 of 2nd period - Shot Misses the Net.
11:55 of 2nd period - Snap shot by Mika Zibanejad.
11:55 of 2nd period - Shot Misses the Net.
12:38 of 2nd period - Snap shot by Seth Helgeson.
12:38 of 2nd period - Shot Blocked by Alexei Marchenko.
13:16 of 2nd period - Wrist shot by Ryan Bayda.
13:16 of 2nd period - Stopped by Peter Mannino without a rebound.
13:17 of 2nd period - Corban Knight wins face-off versus Mika Zibanejad in Mustangs zone.
13:20 of 2nd period - Snap shot by Ryan Bayda.
13:20 of 2nd period - Stopped by Peter Mannino without a rebound.
13:21 of 2nd period - Nicolas Blanchard wins face-off versus Mika Zibanejad in Mustangs zone.
13:34 of 2nd period - Snap shot by Brady Skjei.
13:34 of 2nd period - Stopped by Olivier Roy with a rebound.
13:36 of 2nd period - Slapshot by Brady Skjei.
13:36 of 2nd period - Deflect By Andrew Shaw.
13:36 of 2nd period - Shot Misses the Net.
13:36 of 2nd period - Puck is out of play.
13:37 of 2nd period - Riley Sheahan wins face-off versus Nicolas Blanchard in Demolitions zone.
14:00 of 2nd period - Cameron Gaunce is hit by Frazer Mclaren and loses puck.
14:27 of 2nd period - Andrew Shaw is hit by Corban Knight and loses puck.
15:11 of 2nd period - Off-side.
15:12 of 2nd period - Andreas Athanasiou wins face-off versus Ryan Bayda in neutral zone.
15:15 of 2nd period - Snap shot by Brady Skjei.
15:15 of 2nd period - Shot Misses the Net.
15:17 of 2nd period - Wrist shot by Curtis Hamilton.
15:17 of 2nd period - Stopped by Olivier Roy with a rebound.
15:19 of 2nd period - Wrist shot by Derek Joslin.
15:19 of 2nd period - Stopped by Olivier Roy without a rebound.
15:20 of 2nd period - Corban Knight wins face-off versus Riley Sheahan in Demolitions zone.
15:20 of 2nd period - Corban Knight is hit by Marcus Foligno.
16:00 of 2nd period - Icing by Danny DeKeiser.
16:01 of 2nd period - Corban Knight wins face-off versus Riley Sheahan in Demolitions zone.
16:13 of 2nd period - Icing by Cameron Gaunce.
16:14 of 2nd period - Nicolas Blanchard wins face-off versus Riley Sheahan in Mustangs zone.
16:15 of 2nd period - Snap shot by Erik Condra.
16:15 of 2nd period - Deflect By Nicolas Blanchard.
16:15 of 2nd period - Shot Misses the Net.
16:15 of 2nd period - Puck is out of play.
16:16 of 2nd period - Riley Sheahan wins face-off versus Nicolas Blanchard in Mustangs zone.
16:42 of 2nd period - Mika Zibanejad is hit by Danny DeKeiser and loses puck.
16:49 of 2nd period - Snap shot by Aaron Palushaj.
16:49 of 2nd period - Stopped by Peter Mannino with a rebound.
16:51 of 2nd period - Slapshot by Danny DeKeiser.
16:51 of 2nd period - Stopped by Peter Mannino without a rebound.
16:52 of 2nd period - Riley Sheahan wins face-off versus Bobby Butler in Mustangs zone.
17:02 of 2nd period - Off-side.
17:03 of 2nd period - Nicolas Blanchard wins face-off versus Riley Sheahan in neutral zone.
17:12 of 2nd period - Wrist shot by Nicolas Blanchard.
17:12 of 2nd period - Stopped by Peter Mannino without a rebound.
17:13 of 2nd period - Riley Sheahan wins face-off versus Nicolas Blanchard in Mustangs zone.
17:13 of 2nd period - Riley Sheahan is hit by Bobby Butler.
17:19 of 2nd period - Slapshot by Brady Skjei.
17:19 of 2nd period - Stopped by Olivier Roy with a rebound.
17:21 of 2nd period - Slapshot by Brady Skjei.
17:21 of 2nd period - Stopped by Olivier Roy with a rebound.
17:23 of 2nd period - Snap shot by Brady Skjei.
17:23 of 2nd period - Stopped by Olivier Roy with a rebound.
17:25 of 2nd period - Snap shot by Josh Jooris.
17:25 of 2nd period - Shot Misses the Net.
17:35 of 2nd period - Wrist shot by Josh Jooris.
17:35 of 2nd period - Shot Misses the Net.
17:37 of 2nd period - Slapshot by Derek Joslin.
17:37 of 2nd period - Stopped by Olivier Roy without a rebound.
17:38 of 2nd period - Corban Knight wins face-off versus Mika Zibanejad in Demolitions zone.
17:45 of 2nd period - Wrist shot by Ryan Bayda.
17:45 of 2nd period - Stopped by Peter Mannino with a rebound.
17:47 of 2nd period - Slapshot by Danny DeKeiser.
17:47 of 2nd period - Deflect By Jack Skille.
17:47 of 2nd period - Shot Blocked by Cameron Gaunce.
17:47 of 2nd period - Puck is out of play.
17:48 of 2nd period - Jack Skille wins face-off versus Mika Zibanejad in Mustangs zone.
18:23 of 2nd period - Wrist shot by Ryan Bayda.
18:23 of 2nd period - Stopped by Peter Mannino with a rebound.
18:33 of 2nd period - Slapshot by Cameron Gaunce.
18:33 of 2nd period - Shot Blocked by Danny DeKeiser.
18:57 of 2nd period - Snap shot by Corban Knight.
18:57 of 2nd period - Stopped by Peter Mannino with a rebound.
19:15 of 2nd period - Wrist shot by Corban Knight.
19:15 of 2nd period - Shot Misses the Net.
19:17 of 2nd period - Slapshot by Jonathan Blum.
19:17 of 2nd period - Shot Blocked by Mika Zibanejad.
19:19 of 2nd period - Slapshot by Jonathan Blum.
19:19 of 2nd period - Shot Misses the Net.
19:21 of 2nd period - Snap shot by Jonathan Blum.
19:21 of 2nd period - Shot Hit the Post.
19:23 of 2nd period - Wrist shot by Ryan Bayda.
19:23 of 2nd period - Shot Blocked by Andrew Shaw.
19:25 of 2nd period - Wrist shot by Jack Skille.
19:25 of 2nd period - Stopped by Peter Mannino without a rebound.
19:26 of 2nd period - Nicolas Blanchard wins face-off versus Josh Jooris in Mustangs zone.
19:30 of 2nd period - Icing by Brady Skjei.
19:31 of 2nd period - Nicolas Blanchard wins face-off versus Riley Sheahan in Mustangs zone.
19:40 of 2nd period - Slapshot by Brady Skjei.
19:40 of 2nd period - Shot Misses the Net.
19:42 of 2nd period - Slapshot by Josh Jooris.
19:42 of 2nd period - Stopped by Olivier Roy with a rebound.
19:44 of 2nd period - Wrist shot by Josh Jooris.
19:44 of 2nd period - Stopped by Olivier Roy with a rebound.
19:46 of 2nd period - Wrist shot by Marcus Foligno.
19:46 of 2nd period - Stopped by Olivier Roy with a rebound.
Goals for this period are 0 for Demolitions vs 0 for Mustangs.
Shots for this period are 17 for Demolitions vs 17 for Mustangs.
3rd period
0:01 of 3rd period - Nicolas Blanchard wins face-off versus Riley Sheahan in neutral zone.
0:10 of 3rd period - Snap shot by Bobby Butler.
0:10 of 3rd period - Stopped by Peter Mannino with a rebound.
0:25 of 3rd period - Mika Zibanejad is hit by Corban Knight and loses puck.
0:56 of 3rd period - Snap shot by Jim O'Brien.
0:56 of 3rd period - Shot Misses the Net.
1:06 of 3rd period - Scott Mayfield is hit by Erik Condra and loses puck.
1:27 of 3rd period - Marcus Foligno is hit by Ryan Russell and loses puck.
1:53 of 3rd period - Slapshot by Tomas Tatar.
1:53 of 3rd period - Deflect By Seth Helgeson.
1:53 of 3rd period - Stopped by Olivier Roy with a rebound.
3:49 of 3rd period - Seth Helgeson is hit by Cameron Gaunce and loses puck.
4:16 of 3rd period - Riley Sheahan is hit by Nicolas Blanchard and loses puck.
4:39 of 3rd period - Snap shot by Tomas Tatar.
4:39 of 3rd period - Stopped by Olivier Roy without a rebound.
4:40 of 3rd period - Riley Sheahan wins face-off versus Andrej Nestrasil in Demolitions zone.
4:47 of 3rd period - Snap shot by Marcus Foligno.
4:47 of 3rd period - Stopped by Olivier Roy without a rebound.
4:48 of 3rd period - Riley Sheahan wins face-off versus Nicolas Blanchard in Demolitions zone.
5:41 of 3rd period - Snap shot by Ryan Russell.
5:41 of 3rd period - Shot Blocked by Cameron Gaunce.
6:45 of 3rd period - Snap shot by Dmitri Orlov.
6:45 of 3rd period - Stopped by Peter Mannino without a rebound.
6:46 of 3rd period - Riley Sheahan wins face-off versus Corban Knight in Mustangs zone.
6:56 of 3rd period - Slapshot by Brady Skjei.
6:56 of 3rd period - Deflect By Riley Sheahan.
6:56 of 3rd period - Shot Misses the Net.
6:56 of 3rd period - Puck is out of play.
6:57 of 3rd period - Nicolas Blanchard wins face-off versus Riley Sheahan in Demolitions zone.
7:46 of 3rd period - Snap shot by Jonathan Blum.
7:46 of 3rd period - Shot Blocked by Mark Pysyk.
7:48 of 3rd period - Wrist shot by Danny DeKeiser.
7:48 of 3rd period - Stopped by Peter Mannino with a rebound.
7:50 of 3rd period - Slapshot by Danny DeKeiser.
7:50 of 3rd period - Stopped by Peter Mannino with a rebound.
7:52 of 3rd period - Snap shot by Danny DeKeiser.
7:52 of 3rd period - Deflect By Joshua Leivo.
7:52 of 3rd period - Stopped by Peter Mannino without a rebound.
7:53 of 3rd period - Riley Sheahan wins face-off versus Nicolas Blanchard in Mustangs zone.
8:39 of 3rd period - Jonathan Blum is hit by Jim O'Brien.
10:32 of 3rd period - Snap shot by Riley Sheahan.
10:32 of 3rd period - Stopped by Olivier Roy without a rebound.
10:33 of 3rd period - Riley Sheahan wins face-off versus Corban Knight in Demolitions zone.
11:10 of 3rd period - Icing by Erik Condra.
11:11 of 3rd period - Nicolas Blanchard wins face-off versus Riley Sheahan in Demolitions zone.
12:05 of 3rd period - Slapshot by Jerome Samson.
12:05 of 3rd period - Stopped by Olivier Roy without a rebound.
12:06 of 3rd period - Marcus Foligno wins face-off versus Nicolas Blanchard in Demolitions zone.
12:32 of 3rd period - Wrist shot by Jim O'Brien.
12:32 of 3rd period - Stopped by Olivier Roy with a rebound.
12:38 of 3rd period - Slapshot by Jerome Samson.
12:38 of 3rd period - Stopped by Olivier Roy with a rebound.
12:54 of 3rd period - Snap shot by Aaron Palushaj.
12:54 of 3rd period - Stopped by Peter Mannino with a rebound.
13:13 of 3rd period - Andreas Athanasiou is hit by Mikko Lehtonen and loses puck.
13:38 of 3rd period - Riley Sheahan is hit by Seth Helgeson and loses puck.
14:05 of 3rd period - Corban Knight is hit by Scott Mayfield and loses puck.
14:41 of 3rd period - Snap shot by Mikko Lehtonen.
14:41 of 3rd period - Stopped by Peter Mannino with a rebound.
14:43 of 3rd period - Snap shot by Andrej Nestrasil.
14:43 of 3rd period - Stopped by Peter Mannino without a rebound.
14:44 of 3rd period - Riley Sheahan wins face-off versus Nicolas Blanchard in Mustangs zone.
15:23 of 3rd period - Icing by Danny DeKeiser.
15:24 of 3rd period - Nicolas Blanchard wins face-off versus Jim O'Brien in Demolitions zone.
16:19 of 3rd period - Snap shot by Tomas Tatar.
16:19 of 3rd period - Stopped by Olivier Roy with a rebound.
17:36 of 3rd period - Off-side.
17:37 of 3rd period - Brandon McMillan wins face-off versus Andreas Athanasiou in neutral zone.
17:42 of 3rd period - Francis Paré is hit by Seth Helgeson and loses puck.
17:49 of 3rd period - Wrist shot by Francis Paré.
17:49 of 3rd period - Shot Blocked by Danny DeKeiser.
18:14 of 3rd period - Off-side.
18:15 of 3rd period - Nicolas Blanchard wins face-off versus Jim O'Brien in neutral zone.
18:24 of 3rd period - Snap shot by Erik Condra.
18:24 of 3rd period - Stopped by Peter Mannino with a rebound.
18:32 of 3rd period - Jonathan Blum is hit by Jerome Samson.
19:13 of 3rd period - Bobby Butler is hit by Derek Joslin and loses puck.
Goals for this period are 0 for Demolitions vs 0 for Mustangs.
Shots for this period are 9 for Demolitions vs 8 for Mustangs.
Overtime #1
0:01 of 1st overtime period - Ryan Bayda wins face-off versus Riley Sheahan in neutral zone.
0:04 of 1st overtime period - Backhand shot by Dmitri Orlov.
0:04 of 1st overtime period - Stopped by Peter Mannino without a rebound.
0:05 of 1st overtime period - Ryan Bayda wins face-off versus Riley Sheahan in Mustangs zone.
2:11 of 1st overtime period - Brady Skjei is hit by Bobby Butler and loses puck.
2:18 of 1st overtime period - Billy Sweat is hit by Marcus Foligno and loses puck.
3:28 of 1st overtime period - Alexei Marchenko is hit by Erik Condra and loses puck.
Goals for this period are 0 for Demolitions vs 0 for Mustangs.
Shots for this period are 1 for Demolitions vs 0 for Mustangs.
ShootOut
5:00 of 1st overtime period - Penalty Shot by Ryan Bayda for Demolitions.
5:00 of 1st overtime period - Snap shot by Ryan Bayda.
5:00 of 1st overtime period - Shot Misses the Net.
5:00 of 1st overtime period - Penalty Shot by Andreas Athanasiou for Mustangs.
5:00 of 1st overtime period - Snap shot by Andreas Athanasiou.
5:00 of 1st overtime period - Stopped by Olivier Roy.
5:00 of 1st overtime period - Penalty Shot by Bobby Butler for Demolitions.
5:00 of 1st overtime period - Wrist shot by Bobby Butler.
5:00 of 1st overtime period - Stopped by Peter Mannino.
5:00 of 1st overtime period - Penalty Shot by Mika Zibanejad for Mustangs.
5:00 of 1st overtime period - Deke by Mika Zibanejad.
5:00 of 1st overtime period - Stopped by Olivier Roy.
5:00 of 1st overtime period - Penalty Shot by Erik Condra for Demolitions.
5:00 of 1st overtime period - Wrist shot by Erik Condra.
5:00 of 1st overtime period - Stopped by Peter Mannino.
5:00 of 1st overtime period - Penalty Shot by Andrew Shaw for Mustangs.
5:00 of 1st overtime period - Backhand shot by Andrew Shaw.
5:00 of 1st overtime period - Goal by Andrew Shaw.
Back to the Top